Cogmind - Beta 11 X10 @@@ ROGUE MODE // 2022.02.27 @ 23:34:53 Player: Sandwich Result: Destroyed by G-47 Trooper with Particle Gun Performance ------------- Evolutions (2) 1000 Regions Visited (6) 1200 Robots Destroyed (45) 225 Value Destroyed (1811) 1811 Prototype IDs (0) 0 Alien Tech Used (0) 0 Bonus (821) 821 TOTAL SCORE: 5057 Bonus ------- High Alert Combat Kills 88 Follower Combat Kills 33 Entered Garrisons 200 Used RIF Installer 500 Cogmind --------- Core Integrity 0/550 Matter 292/300 Energy 42/100 System Corruption 1% Temperature Cool (9) Movement Core (1650) Ox32 Location -8/Materials Parts ------- > --- POWER (1) -------- (None) > --- PROPULSION (2) --- (None) > --- UTILITY (5) ------ Improved Heat Sink Huge Storage Unit Improved Utility Shielding Improved Medium Armor Plating > --- WEAPON (3) ------- Light Assault Rifle Heavy Assault Rifle Improved Light Cannon > --- INVENTORY (25) --- Light Nuclear Core Light Treads Wheel Compact Wheel Improved Heat Sink Medium Matter Pod (100) Medium Matter Pod (100) Light Armor Plating Light Armor Plating Light Armor Plating Light Armor Plating Light Armor Plating Improved Medium Armor Plating Relay Coupler [Swarmer] (38) Relay Coupler [Grunt] (21) Relay Coupler [Grunt] (26) Relay Coupler [Grunt] (31) Relay Coupler [Grunt] (24) Relay Coupler [Brawler] (25) Relay Coupler [Hunter] (16) Relay Coupler [Hunter] (16) Peak State ------------ > --- POWER ------------ Deuterium Engine > --- PROPULSION ------- Light Treads Armored Wheel > --- UTILITY ---------- Improved Heat Sink Huge Storage Unit Improved Utility Shielding Improved Medium Armor Plating Long-range Tractor Beam > --- WEAPON ----------- Light Cannon Light Cannon Improved Light Cannon > --- INVENTORY -------- Light Nuclear Core Light Treads Wheel Compact Wheel Improved Heat Sink Medium Matter Pod Medium Matter Pod Light Armor Plating Light Armor Plating Light Armor Plating Light Armor Plating Light Armor Plating Improved Medium Armor Plating Improved Medium Armor Plating Relay Coupler [Swarmer] Relay Coupler [Grunt] Relay Coupler [Grunt] Relay Coupler [Grunt] Relay Coupler [Grunt] Relay Coupler [Brawler] Relay Coupler [Hunter] Relay Coupler [Hunter] Light Assault Rifle Heavy Assault Rifle Improved Light Cannon [Rating: 29] Favorites ----------- Power Ion Engine Engine Ion Engine Power Core Light Nuclear Core Propulsion Light Treads Treads Light Treads Leg Aluminum Leg Wheel Wheel Utility Targeting Computer Device Improved Heat Sink Storage Huge Storage Unit Processor Targeting Computer Protection Light Armor Plating Weapon Light Cannon Energy Gun Particle Gun Ballistic Gun Light Assault Rifle Ballistic Cannon Light Cannon Launcher Grenade Launcher Build | -11 -10 -10 -9 -8 -8 -8 ------- Run | Scr Mat Min Mat Mat Gar Mat Slots Evolved 4 | . . . 2 2 . . Power . | . . . . . . . Propulsion . | . . . . . . . Utility 3 | . . . 2 1 . . Weapon 1 | . . . . 1 . . Parts Attached 55 | 7 6 2 5 2 22 11 Power 6 | 2 . 1 . . 2 1 Engine 5 | 2 . 1 . . 1 1 Core 1 | . . . . . 1 . Reactor . | . . . . . . . Propulsion 10 | 2 . . 1 . 5 2 Treads 4 | 1 . . 1 . 2 . Leg 3 | . . . . . 3 . Wheel 3 | 1 . . . . . 2 Hover . | . . . . . . . Flight . | . . . . . . . Utility 17 | 1 2 1 4 1 4 4 Device 3 | . 1 . . . 1 1 Storage 3 | 1 1 . . . . 1 Processor 4 | . . 1 2 . 1 . Hackware . | . . . . . . . Protection 7 | . . . 2 1 2 2 Artifact . | . . . . . . . Weapon 22 | 2 4 . . 1 11 4 Energy Gun 3 | . 2 . . . 1 . Energy Cannon . | . . . . . . . Ballistic Gun 7 | 2 . . . . 3 2 Ballistic Cannon 11 | . 2 . . 1 6 2 Launcher 1 | . . . . . 1 . Special Weapon . | . . . . . . . Impact Weapon . | . . . . . . . Slashing Weapon . | . . . . . . . Piercing Weapon . | . . . . . . . Special Melee Weapon . | . . . . . . . Unidentified Prototypes . | . . . . . . . Parts Lost 20 | . . . . . 12 8 Power 2 | . . . . . 1 1 Propulsion 5 | . . . . . 3 2 Utility 4 | . . . . . 2 2 Weapon 9 | . . . . . 6 3 Highest Loss Streak 10 | . . . . . 10 8 To Critical Strikes . | . . . . . . . Average Slot Usage (%) 97 | . 94 99 100 100 92 98 Engine 9 | . 14 14 11 9 3 5 Core 1 | . . . . . 4 3 Treads 11 | . 14 14 11 9 7 11 Leg 2 | . . . . . 7 . Wheel 9 | . 14 14 11 9 1 5 Device 5 | . 9 4 . . 4 14 Storage 11 | . 14 14 11 9 9 9 Processor 13 | . . 9 23 18 19 10 Protection 5 | . . . 9 18 8 10 Ballistic Gun 3 | . 9 . . . 6 3 Ballistic Cannon 21 | . 9 28 22 27 18 23 Naked Turns . | . . . . . . . Heaviest Build 110 | 14 92 95 98 104 104 110 Greatest Support 40 | 10 10 10 10 10 40 40 Greatest Overweight (x) 27 | 2 9 9 9 10 27 10 Average Overweight (x) 7 | . 8 9 9 10 5 6 Largest Inventory Capacity 25 | 8 25 25 25 25 25 25 Average Capacity 24 | 6 24 25 25 25 25 25 Most Carried 25 | 2 11 23 25 25 25 25 Average Carried 18 | . 7 13 24 23 22 24 Final Capacity 25 | 8 25 25 25 25 25 25 Final Carried 25 | 2 11 23 25 25 24 21 Class Distribution -------------------- 63% | Mutant 15% | Gunner 11% | Scavenger-Mutant 7% | Scavenger-Gunner Dominant Class ---------------- Mutant | -10/Materials Mutant | -10/Mines Mutant | -9/Materials Gunner | -8/Materials Gunner | -8/Garrison Gunner | -8/Materials Resources | -11 -10 -10 -9 -8 -8 -8 ----------- Run | Scr Mat Min Mat Mat Gar Mat Matter Collected 2161 | 206 218 338 206 . 600 593 Remotely 545 | . . . . . . 545 Salvage Created 1482 | . 266 32 211 . 378 595 Parts 90 | . 20 . 14 . 18 38 Haulers Intercepted 2 | . . . 1 . . 1 Recyclers Shooed 1 | . . . . . . 1 Parts Field Recycled . | . . . . . . . Retrieved Matter . | . . . . . . . Parts Self-Destructed . | . . . . . . . Prevented . | . . . . . . . Kills | -11 -10 -10 -9 -8 -8 -8 ------- Run | Scr Mat Min Mat Mat Gar Mat Combat Hostiles Destroyed 36 | . 6 1 6 . 13 10 Guns 10 | . 6 . . . 3 1 Cannons 26 | . . 1 6 . 10 9 Classes Destroyed 9 | . 3 1 2 . 1 2 Builder 2 | . . . . . . 2 Hauler 2 | . . . 1 . . 1 Recycler 4 | . 1 . . . . 3 Watcher 1 | . . . 1 . . . Swarmer 9 | . 3 . 2 . 4 . Grunt 18 | . 3 . 2 . 6 7 Duelist 1 | . . . . . . 1 Sentry 6 | . . 1 2 . 2 1 Hunter 2 | . . . . . 1 1 Best Kill Streak 7 | . 7 1 2 . 4 7 Combat Bots Only 6 | . 6 1 2 . 4 6 Max Kills in Single Turn 1 | . 1 1 1 . 1 1 Gunslinging . | . . . . . . . Exploded . | . . . . . . . Melee . | . . . . . . . Uniques/NPCs Destroyed . | . . . . . . . Combat | -11 -10 -10 -9 -8 -8 -8 -------- Run | Scr Mat Min Mat Mat Gar Mat Damage Taken 3713 | . 229 99 288 . 1716 1381 Core 642 | . 36 46 7 . 373 180 Absorbed by Shields . | . . . . . . . Redirected to Shielding 80 | . . . . . . 80 Core Remaining (%) 88 | 100 . 67 98 . . . Volleys Fired 154 | . 19 7 20 . 62 46 Largest 3 | . 2 2 2 . 3 3 Hottest 109 | . 40 70 70 . 105 109 Shots Fired 352 | . 38 14 40 . 135 125 Gun 89 | . 38 . . . 47 4 Cannon 261 | . . 14 40 . 86 121 Launcher 2 | . . . . . 2 . Special . | . . . . . . . Kinetic 339 | . 38 14 40 . 122 125 Thermal 11 | . . . . . 11 . Explosive 2 | . . . . . 2 . Electromagnetic . | . . . . . . . Robot Hit Streak 21 | . 4 6 8 . 21 12 Robot Miss Streak 4 | . 2 4 3 . 3 4 Penetration Max . | . . . . . . . Secondary Targets 1 | . . . . . 1 . Max Gunslinging Chain 1 | . . . . . 1 . Shots Hit Robots 210 | . 23 6 21 . 95 65 Core Hits 91 | . 11 2 11 . 43 24 Critical Kills . | . . . . . . . Critical Parts Destroyed . | . . . . . . . Critical Strikes 7 | . . . 1 . 3 3 Blast 7 | . . . 1 . 3 3 Melee Attacks . | . . . . . . . Impact . | . . . . . . . Slashing . | . . . . . . . Piercing . | . . . . . . . Sneak Attacks . | . . . . . . . Combat Hostiles . | . . . . . . . Follow-up Attacks . | . . . . . . . Damage Inflicted 3560 | . 280 109 379 . 1491 1301 Guns 657 | . 280 . . . 339 38 Cannons 2713 | . . 109 379 . 962 1263 Explosions 190 | . . . . . 190 . Melee . | . . . . . . . Ramming . | . . . . . . . Kinetic 3266 | . 280 109 379 . 1197 1301 Thermal 104 | . . . . . 104 . Explosive 190 | . . . . . 190 . Electromagnetic . | . . . . . . . Impact . | . . . . . . . Slashing . | . . . . . . . Piercing . | . . . . . . . Highest Corruption 3 | . 3 3 . . 1 1 Average Corruption 2 | . 2 3 . . 1 1 Corruption Purged . | . . . . . . . Corruption Blocked . | . . . . . . . Effects 35 | . . 24 . . 6 5 Message Errors 9 | . . 8 . . . 1 Matter Fused 10 | . . 6 . . 3 1 Heat Flow Errors 1 | . . . . . . 1 Energy Discharges 8 | . . 6 . . . 2 Data Loss (minor) 5 | . . 3 . . 2 . Data Loss (major) 1 | . . 1 . . . . Misfires 1 | . . . . . 1 . Overload Shots . | . . . . . . . Overflow Damage 22 | . . . . . 8 14 Projectiles 14 | . . . . . . 14 Explosions 8 | . . . . . 8 . Melee . | . . . . . . . Knockbacks 34 | . . . 3 . 11 20 Impact . | . . . . . . . Kinetic 31 | . . . 2 . 9 20 Secondary 3 | . . . 1 . 2 . Self-Inflicted Damage 77 | . . . . . 77 . Shots 2 | . . . . . 2 . Rammed . | . . . . . . . Targets Rammed . | . . . . . . . Kicked . | . . . . . . . Crushed . | . . . . . . . Highest Temperature 355 | . 2 45 66 . 355 171 Average Temperature 88 | . 2 18 22 . 139 38 Received Heat Transfer 1731 | . 90 84 99 . 882 576 Effects 2 | . . . . . 2 . Energy Bleed 1 | . . . . . 1 . Damage (minor) 1 | . . . . . 1 . Siege Activations . | . . . . . . . Robots Corrupted . | . . . . . . . Combat Hostiles . | . . . . . . . Parts Fried . | . . . . . . . Impact Corruptions . | . . . . . . . Robots Melted . | . . . . . . . Combat Hostiles . | . . . . . . . Parts Melted 2 | . . . 2 . . . Heat Transferred 259 | . . . . . 259 . Parts Sabotaged . | . . . . . . . Parts Stolen . | . . . . . . . Parts Stripped . | . . . . . . . Power Chain Reactions . | . . . . . . . Missiles Intercepted . | . . . . . . . Alert | -11 -10 -10 -9 -8 -8 -8 ------- Run | Scr Mat Min Mat Mat Gar Mat Peak Influence 615 | . 175 21 100 31 615 445 Initial 299 | . . 17 . 27 20 299 Average 150 | . 115 9 25 27 363 321 Maximum Alert Level 2 | . . . . . 2 2 Low Security (%) 66 | 100 100 100 100 100 13 1 Level 1 19 | . . . . . 32 90 Level 2 14 | . . . . . 53 8 Level 3 . | . . . . . . . Level 4 . | . . . . . . . Level 5 . | . . . . . . . High Security . | . . . . . . . Max Security . | . . . . . . . Squads Dispatched 4 | . 2 . . . . 2 Investigation . | . . . . . . . Extermination . | . . . . . . . Reinforcement 4 | . 2 . . . . 2 Assault . | . . . . . . . Garrison . | . . . . . . . Intercept . | . . . . . . . Construction Impeded . | . . . . . . . Haulers Reinforced . | . . . . . . . Active Scanning Responses . | . . . . . . . Cargo Convoy Interrupts . | . . . . . . . Stealth | -11 -10 -10 -9 -8 -8 -8 --------- Run | Scr Mat Min Mat Mat Gar Mat Distress Signals 5 | . 1 . 2 . . 2 Communications Jammed . | . . . . . . . Distress Signals . | . . . . . . . Times Spotted 71 | . 15 4 15 . 17 20 Peak Tracking Total 8 | . 5 2 4 . 6 8 Tactical Retreats 4 | . 1 . . . 1 2 Traps | -11 -10 -10 -9 -8 -8 -8 ------- Run | Scr Mat Min Mat Mat Gar Mat Traps Triggered 4 | . 2 . . . 2 . Indirectly . | . . . . . . . Trap Hack Attempts . | . . . . . . . Triggered . | . . . . . . . Disarmed . | . . . . . . . Reprogrammed . | . . . . . . . Reused . | . . . . . . . Traps Extracted . | . . . . . . . Installed . | . . . . . . . Triggered . | . . . . . . . Machines | -11 -10 -10 -9 -8 -8 -8 ---------- Run | Scr Mat Min Mat Mat Gar Mat Machines Disabled 5 | . . . . . 2 3 Max in Single Turn 2 | . . . . . 1 2 Garrison Relay 2 | . . . . . 2 . Machines Sabotaged . | . . . . . . . Garrisons Compromised . | . . . . . . . Overloaded Fab Kills . | . . . . . . . Hacking | -11 -10 -10 -9 -8 -8 -8 --------- Run | Scr Mat Min Mat Mat Gar Mat Machines Accessed 4 | . 1 1 . 1 . 1 Terminals 2 | . 1 . . . . 1 Fabricators . | . . . . . . . Repair Stations . | . . . . . . . Recycling Units . | . . . . . . . Scanalyzers . | . . . . . . . Garrison Access 1 | . . . . 1 . . Total Hacks 5 | . 1 1 . 2 . 1 Successful 3 | . . 1 . 1 . 1 Failed 2 | . 1 . . 1 . . Catastrophic 1 | . 1 . . . . . Database Lockouts . | . . . . . . . Manual 1 | . 1 . . . . . Terminals 2 | . 1 . . . . 1 Fabricators . | . . . . . . . Repair Stations . | . . . . . . . Recycling Units . | . . . . . . . Scanalyzers . | . . . . . . . Garrison Access 2 | . . . . 2 . . Terminal Hacks 2 | . . 1 . . . 1 Open Door 1 | . . 1 . . . . Zone Layout 1 | . . . . . . 1 Fabricator Hacks . | . . . . . . . Repair Station Hacks . | . . . . . . . Recycling Unit Hacks . | . . . . . . . Scanalyzer . | . . . . . . . Garrison Access Hacks 1 | . . . . 1 . . Unlock Access 1 | . . . . 1 . . Unauthorized Hacks . | . . . . . . . Terminals . | . . . . . . . Fabricators . | . . . . . . . Repair Stations . | . . . . . . . Recycling Units . | . . . . . . . Scanalyzers . | . . . . . . . Garrison Access . | . . . . . . . Data Cores Recovered . | . . . . . . . Used . | . . . . . . . Hacking Detections 2 | . 1 . . 1 . . Full Trace Events . | . . . . . . . Feedback Events . | . . . . . . . Feedback Blocked . | . . . . . . . Robot Schematics Acquired . | . . . . . . . Robots Built . | . . . . . . . Authchips . | . . . . . . . Time . | . . . . . . . Total Robot Build Rating . | . . . . . . . Part Schematics Acquired . | . . . . . . . Parts Built . | . . . . . . . Authchips . | . . . . . . . Time . | . . . . . . . Total Part Build Rating . | . . . . . . . Parts Repaired . | . . . . . . . Time . | . . . . . . . Parts Recycled . | . . . . . . . Recycled Matter . | . . . . . . . Retrieved Matter . | . . . . . . . Retrieved Components . | . . . . . . . Parts Scanalyzed . | . . . . . . . Part Schematics Acquired . | . . . . . . . Parts Damaged . | . . . . . . . Bothacking | -11 -10 -10 -9 -8 -8 -8 ------------ Run | Scr Mat Min Mat Mat Gar Mat Used RIF Installer 1 | . . . . . 1 . Robots Hacked . | . . . . . . . Non-combat . | . . . . . . . Combat . | . . . . . . . Robot Hacks Applied . | . . . . . . . Relay Couplers Released 8 | . . . . . 8 . Machine Destruction 8 | . . . . . 8 . Fabnet Peak Effective % . | . . . . . . . Robots Rewired . | . . . . . . . Allies Hacked . | . . . . . . . Hacks Repelled . | . . . . . . . Allies | -11 -10 -10 -9 -8 -8 -8 -------- Run | Scr Mat Min Mat Mat Gar Mat Total Allies 3 | . . 3 . . . . Largest Group 3 | . . 3 . . . . Highest-Rated Group 40 | . . 40 . . . . Highest-Rated Ally 16 | . . 16 . . . . Total Orders . | . . . . . . . Ally Attacks 29 | . . 29 . . . . Total Damage 265 | . . 265 . . . . Kills 5 | . . 5 . . . . Allies Corrupted . | . . . . . . . Allies Melted . | . . . . . . . Intel | -11 -10 -10 -9 -8 -8 -8 ------- Run | Scr Mat Min Mat Mat Gar Mat Robot Analysis Total . | . . . . . . . Derelict Logs Recovered 2 | . . 2 . . . . Drone Launches . | . . . . . . . Drone Recoveries . | . . . . . . . Exploration | -11 -10 -10 -9 -8 -8 -8 ------------- Run | Scr Mat Min Mat Mat Gar Mat Turns Passed 4709 | 46 467 1403 961 68 1189 575 Spaces Moved 1706 | 44 193 623 398 28 263 157 Core 18 | 17 . . . . 1 . Treads 171 | . . . . . 119 52 Legs 85 | . . . . . 85 . Wheels 1432 | 27 193 623 398 28 58 105 Hover . | . . . . . . . Flight . | . . . . . . . Fastest Speed 50 | 50 95 215 215 230 230 210 Average Speed 236 | 79 202 215 215 230 364 249 Slowest Speed 1400 | 150 215 215 215 230 1400 320 Overloaded Moves . | . . . . . . . Propulsion Burnouts . | . . . . . . . Robots Hopped . | . . . . . . . Cave-ins Triggered . | . . . . . . . Exploration Rate (%) 36 | 4 34 99 43 5 42 25 Regions Visited 6 Branch Regions 1 Pre-discovered Areas 2 | . . 2 . . . . Known Exits Taken 1 | . . . . 1 . . Unknown Exits Taken 4 | 1 1 1 1 . . . Scrap Searched 1 | . . 1 . . . . Spaces Dug . | . . . . . . . Terrain Destroyed 14 | . . . . . 12 2 Melee . | . . . . . . . Projectile 2 | . . . . . . 2 AOE 12 | . . . . . 12 . Terrain Rammed . | . . . . . . . Walls Destroyed . | . . . . . . . Machines Disabled . | . . . . . . . Actions | -11 -10 -10 -9 -8 -8 -8 --------- Run | Scr Mat Min Mat Mat Gar Mat Total 2096 | 51 232 673 470 35 392 243 Wait 82 | . 2 31 22 . 7 20 Move 1699 | 43 192 622 397 27 261 157 Hop . | . . . . . . . Pick Up 54 | 1 9 10 14 4 12 4 Fast Attach 22 | 6 4 1 1 . 7 3 Attach 21 | . 1 . 2 2 12 4 Detach 5 | . 1 1 . . 3 . Swap 12 | 1 1 1 2 . 3 4 Drop 30 | . 3 . 12 2 8 5 Fire 154 | . 19 7 20 . 62 46 Melee . | . . . . . . . Ram . | . . . . . . . Kick . | . . . . . . . Crush . | . . . . . . . Escape Stasis 16 | . . . . . 16 . Rewire 1 | . . . . . 1 . Trap . | . . . . . . . Miscellaneous . | . . . . . . . Route ------- -11/Scrapyard -10/Materials (discovered 2 exits: [*Mat] / *Min) -10/Mines (discovered 2 exits: [*Mat x2]) -9/Materials (discovered 2 exits: *Mat / [*Min]) -8/Materials -8/Garrison -8/Materials History --------- Turn | Location | Event 2 | -11/Scrapyard | Met Revision 17 35 | -11/Scrapyard | Discovered new exit (range 12) 47 | -11/Scrapyard | Entered Materials 317 | -10/Materials | Build established: Mutant 477 | -10/Materials | Discovered new exit (range 15) 477 | -10/Materials | Discovered new exit (range 12) 514 | -10/Materials | Entered Mines 574 | -10/Mines | Assembled infested the area 667 | -10/Mines | Assisted by bots powering up and referring to "LRC-V3" 1432 | -10/Mines | Learned Materials terminal intel 1805 | -10/Mines | Discovered new exit (range 14) 1807 | -10/Mines | Discovered new exit (range 7) 1808 | -10/Mines | Learned location of Storage (-7) 1849 | -10/Mines | Met a Derelict who couldn't figure out how to use a Trap Extractor 1917 | -10/Mines | Entered Materials 1917 | -9/Materials | Evolved 2 slots: Utility x2 1918 | -9/Materials | Loaded intel: 12 terminal locations 2728 | -9/Materials | Discovered new exit (range 16) 2861 | -9/Materials | Discovered new exit (range 9) 2878 | -9/Materials | Entered another Materials area 2878 | -8/Materials | Evolved 2 slots: Utility x1, Weapon x1 2943 | -8/Materials | Identified exit to Garrison 2946 | -8/Materials | Entered Garrison 2968 | -8/Garrison | Triggered checkpoint 2996 | -8/Garrison | Triggered checkpoint 3194 | -8/Garrison | Build established: Gunner 3283 | -8/Garrison | Garrison Relay disabled 3476 | -8/Garrison | Core integrity fell below 50% 3502 | -8/Garrison | Lost 10 parts (1p2n2u5w) 3724 | -8/Garrison | Triggered checkpoint 3852 | -8/Garrison | Triggered checkpoint 3949 | -8/Garrison | Garrison Relay disabled 4064 | -8/Garrison | Discovered new exit (range 12) 4119 | -8/Garrison | Installed Relay Interface Framework 4135 | -8/Garrison | Entered Materials 4238 | -8/Materials | Build established: Scavenger-Mutant 4664 | -8/Materials | Core integrity fell below 20% 4710 | -8/Materials | Destroyed by G-47 Trooper with Particle Gun Last Messages --------------- 04699_ U-05 Engineer destroyed. 04700_ Acquired 2 matter. 04700_ Acquired 6 matter. 04700_ K-01 Serf collects debris. 04700_ Lgt. Cannon destroyed. 04700_ K-01 Serf collects debris. 04703_ Acquired 1 matter. 04703_ Acquired 3 matter. 04703_ Acquired 5 matter. 04704_ Acquired 10 matter. 04704_ K-01 Serf collects debris. 04704_ G-47 Trooper destroyed. 04704_ K-01 Serf collects debris. 04705_ Acquired 8 matter. 04705_ U-05 Engineer builds a Wall. 04705_ K-01 Serf collects debris. 04706_ Lrn. Tractor Beam destroyed. 04707_ K-01 Serf collects debris. 04707_ Y-45 Defender destroyed. 04707_ K-01 Serf collects debris. Map ----- +----------------------------------------------------+ | ?????????????????????? #??????# #???# #??? | | ??????????????????????### #??????# #???# #??? | | ????????????????????????# #??????# #???# #### | | ??????????????????????###/## #??????# #???# # | | ?????????????????????? # ######## ##### # | | ??????????????????????""" # + # | | ??????????????????????""" # ###+# | | ??????????????????????""" # + | | ??????????????????????""" + # | | ??????????????????????""" # [ ##+# | | ??????????????????????""" # # | | ??????????????????????""" # # | | ?????????????????????? #+########### # | | ??????????????????????###### !# #== # | | ???????????????????????????# # "" /* ! # | | ???????????????????????????# """" # "T ###### ! | | ???????????????????????????# """" # "" #????###### | | ???????????????????????????# """" # #?????????? | | ???????????????????????????# ######?????????? | | ????????????????????###########+##############???? | | ????????????????? * #???? | | ???????????????? auu ####### ######### ##### | | ???????????????? ? """"" #?????# #???????# + | | ????????????????? u""""" #?????# #???????# # | | ?????????????????# """"" ###???# #???????# # "" | | ?????????????????# ^""""k@ ""#####/#####???# # "" | | ?????????????????# u"""" *%"# """ """ #???# # "" | | ?????????????????#^ """"!%%""# """ """ #???# # | | ?????????????????# w" "=%gu### "" #???# ##### | | ?????????????????#] wk=k[!%==#! #???# #???? | | ?????????????????# =!* ! !!+%![ ! #???# #???? | | ?????????????????# [= *#*% #?????????? | | ?????????????????##### =# ! #?????????? | | ?????????????????????# !# #?????????? | | ??????????????????? + *%###########?????????? | | ????????????????? # !#???????????????????? | | ???????????????? ""??# %#???????????????????? | | ???????????????????? + ??????????????????? | | ???????????????????" ####### ###?????????????????? | | ?????????????????? ??????? #???????????????????? | | ??????????????????##???????? #???????????????????? | | ???????????????????????????? #???????????????????? | | ???????????????????????????? #???????????????????? | | ???????????????????????????? #???????????????????? | | ????????????????????????????+????????????????????? | | ?????????????????????????????????????????????????? | | ?????????????????????????????????????????????????? | | ?????????????????????????????????????????????????? | | ?????????????????????????????????????????????????? | | ?????????????????????????????????????????????????? | +----------------------------------------------------+ Best States ------------- Heat Dissipation 45 Energy Generation 14 Energy Capacity 275 Matter Stores 300 Matter Capacity 300 Sight Range 16 Terrain Scan Density 10 Armor Coverage 300 Utility Shielding 66 Evasion (%) 50 Targeting Accuracy 15 Recoil Reduction 2 Item Schematics ----------------- None Robot Schematics ------------------ None Fabricated ------------ Nothing Alien Tech Used ----------------- None Achievements -------------- None Challenges ------------ None Game ------ Seed HardcellAlertLance Manual? 0 Play Time 00:25:53 Cumulative 187.5 hours Start 2022.02.27 @ 23:07:25 End 2022.02.27 @ 23:34:53 Sessions 1 Manual Loads 0 Difficulty Rogue Special Mode None Game No. 241 Rogue 197 Adventurer 4 Explorer 40 Win Type - Total 4 Types 3/1/0/0/0/0/0/0/0 Lore% 51 Gallery% 72 Achievement% 58 Wizard Run 0 Options --------- ASCII 0 Keyboard 0 Movement Numpad Keybinds 0 Fullscreen 1 Font 18/SmallcapsGlow Map View 76x50 Tactical HUD 1 Map Filters NONE Filters NONE Steam 1 RUN: 163e6014-585a-4da7-acba-e4bdcbf9ec01